 Dungeon Crawl Stone Soup version 0.31.0-1-g2c135a008e (webtiles) character file.

Game seed: 4755010413871185886

82 qw the Shooter (level 4, -1/35 HPs)
             Began as a Djinni Hunter on Jan 24, 2024.
             Killed from afar by an orc wizard (3 damage)
             ... with a puff of flame
             ... on level 3 of the Dungeon.
             The game lasted 00:00:06 (1707 turns).

qw the Shooter (Djinni Hunter)                      Turns: 1707, Time: 00:00:06

Health: -1/35      AC:  3    Str: 10    XL:     4   Next: 70%
Gold:   71         EV: 12    Int: 10    God:
                   SH:  0    Dex: 19

rFire   + + .        a - +1 shortbow
rCold   x . .        (shield currently unavailable)
rNeg    . . .        c - +0 leather armour
rPois   inf          (no helmet)
rElec   .            (no cloak)
rCorr   .            (no gloves)
SInv    .            (boots unavailable)
Will    .....        (no amulet)
Stlth   ++           (no ring)
HPRegen 0.25/turn    (no ring)
MPRegen 0.00/turn

%: infuse magic (-2 HP)
@: flying
A: sickness immunity, fire resistance 2, cold vulnerability 1, float, innate
caster, HP casting, extra vitality 1
a: no special abilities


You were on level 3 of the Dungeon.
You visited 1 branch of the dungeon, and saw 3 of its levels.

You collected 71 gold pieces.


Innate Abilities, Weirdness & Mutations

You are immune to sickness and miasma.
You are immune to poison.
Your flesh is very heat resistant. (rF++)
You are vulnerable to cold. (rC-)
You float through the air rather than walking.
You learn spells naturally, not from books.
Your magical power is your life essence.
You have superior vitality. (+4 MHP)


   Skills:
 - Level 3.4 Fighting
 - Level 4.0 Ranged Weapons
 + Level 2.4 Dodging
 - Level 0.7 Stealth


You knew the following spells:

 Your Spells              Type           Power      Damage    Failure   Level
a - Slow                  Hex            0%         N/A       45%         1
Your spell library was empty.

Inventory:

Hand Weapons
 a - a +1 shortbow (weapon)
Armour
 c - a +0 leather armour (worn)
 e - a +0 pair of gloves
 k - a +0 ring mail
Wands
 g - a wand of acid (6)
Scrolls
 h - a scroll of identify {unknown}
 i - a scroll of teleportation {unknown}
 j - a scroll of vulnerability {unknown}
 l - a scroll of noise {unknown}
Potions
 b - 2 potions of heal wounds {unknown}
 d - a potion of lignification {unknown}
 f - a potion of enlightenment {unknown}

Dungeon Overview and Level Annotations

Branches:
Dungeon (3/15)

Altars:


Message History

The orc wizard hits you but does no damage.
You shoot an arrow.
The arrow hits the orc wizard but does no damage.
The orc wizard is heavily wounded.
The orc hits you with a +0 hand axe. The orc wizard closely misses you.
You shoot an arrow. The arrow hits the orc wizard.
The orc wizard is severely wounded.
The orc hits you with a +0 hand axe. The orc wizard barely misses you.
You shoot an arrow.
The arrow closely misses the orc wizard.
The arrow hits the goblin.
You kill the goblin!
The orc completely misses you.
The orc wizard hits you with a +0 dagger.
You shoot an arrow. The arrow hits the orc wizard.
The orc wizard is almost dead.
The orc closely misses you. The orc wizard closely misses you.
The orc wizard gestures at you while chanting.
The puff of flame hits you. You resist. The orc hits you with a +0 hand axe.
You shoot an arrow. The arrow hits the orc wizard.
The orc wizard is almost dead.
The orc hits you with a +0 hand axe. The orc wizard misses you.
You shoot an arrow.
The arrow hits the orc wizard but does no damage.
The orc wizard is almost dead.
The orc hits you but does no damage.
The orc wizard gestures at you while chanting.
You resist with some effort.
You shoot an arrow. The arrow barely misses the orc wizard.
The arrow hits the orc.
The orc is lightly wounded.
The orc misses you.
The orc wizard hits you but does no damage.
You shoot an arrow.
The arrow closely misses the orc wizard.
The arrow completely misses the orc.
The orc barely misses you. The orc wizard casts a spell at you.
The puff of flame hits you. You resist.
You die...

...###.######.......#
#......>...'.......#
#.......####.......#
#.......# #.......)
#.......# #...<...#
#....%..# #.....%.#
#......# #.......#
####.#.# #.......#
#@o.#.# #########
#o###.# .oo. #.######
......##......#
#.......#######.##
#........ #..#
#...).... ##[######
.......... #..##...
###.....>


You could see an orc priest, an orc wizard and 2 orcs.

Vanquished Creatures
  An orc wizard (D:3)
  2 dart slugs
  A ribbon worm (D:2)
  An orc (D:3)
  3 bats
  6 endoplasms
  2 giant cockroaches (D:1)
  3 goblins
  7 hobgoblins
  4 jackals
  4 kobolds
  A quokka (D:1)
  3 ball pythons (D:1)
  6 rats
44 creatures vanquished.

Notes
Turn   | Place    | Note
-------+----------+-------------------------------------------
     0 | D:1      | qw the Djinni Hunter began the quest for the Orb.
     0 | D:1      | Reached XP level 1. HP: 18/18 MP: 0/0
     0 | D:1      | 0 ||| qw: Version: 0.3-a-136-gdd3b4e8
     0 | D:1      | 0 ||| qw: Game counter: 1357
     0 | D:1      | 0 ||| qw: Melee chars always use a shield: true
     0 | D:1      | 0 ||| qw: God list: Okawaru
     0 | D:1      | 0 ||| qw: Allow faded altars: false
     0 | D:1      | 0 ||| qw: Do Orc after clearing Dungeon:15 true
     0 | D:1      | 0 ||| qw: Do second Lair branch before Depths: true
     0 | D:1      | 0 ||| qw: Lair rune preference: random
     0 | D:1      | 0 ||| qw: Goals: Normal
     0 | D:1      | 0 ||| PLANNING D:1-11
    91 | D:1      | Reached XP level 2. HP: 23/23 MP: 0/0
   282 | D:1      | Reached skill level 4 in Ranged Weapons
   282 | D:1      | Reached XP level 3. HP: 28/28 MP: 0/0
   282 | D:1      | Learned a level 1 spell: Slow
   583 | D:1      | 583 ||| READING scroll labelled KUSOEV OTOI.
   583 | D:1      | 583 ||| ENCHANTING +0 shortbow.
   584 | D:1      | 584 ||| DRINKING 2 smoky green potions.
   585 | D:1      | 585 ||| DROPPING scroll of butterflies.
  1474 | D:3      | Reached XP level 4. HP: 34/34 MP: 0/0
  1485 | D:3      | 1485 ||| DRINKING 2 potions of curing.
  1485 | D:3      | 1485 ||| (to cure confusion)
  1487 | D:3      | 1487 ||| FLEEEEING.
  1488 | D:3      | 1488 ||| FLEEEEING.
  1489 | D:3      | 1489 ||| FLEEEEING.
  1490 | D:3      | 1490 ||| FLEEEEING.
  1491 | D:3      | 1491 ||| FLEEEEING.
  1492 | D:3      | 1492 ||| FLEEEEING.
  1493 | D:3      | 1493 ||| FLEEEEING.
  1494 | D:3      | 1494 ||| FLEEEEING.
  1495 | D:3      | 1495 ||| FLEEEEING.
  1496 | D:3      | 1496 ||| FLEEEEING.
  1497 | D:3      | 1497 ||| FLEEEEING.
  1498 | D:3      | 1498 ||| FLEEEEING.
  1499 | D:3      | 1499 ||| FLEEEEING.
  1500 | D:3      | 1500 ||| FLEEEEING.
  1501 | D:3      | 1501 ||| FLEEEEING.
  1502 | D:3      | 1502 ||| FLEEEEING.
  1503 | D:3      | 1503 ||| FLEEEEING.
  1508 | D:3      | 1508 ||| DRINKING potion of curing.
  1508 | D:3      | 1508 ||| (to cure confusion)
  1512 | D:3      | Reached skill level 3 in Fighting
  1702 | D:3      | HP: 8/35 [orc wizard/+0 dagger (2)]
  1704 | D:3      | HP: 1/35 [orc/+0 hand axe (4)]
  1707 | D:3      | Killed from afar by an orc wizard

Levels and vault maps discovered:
D:1:      evilmike_arrival_plus, layout_rooms, serial_corexii_hall,
          corexii_hall_statues_x, corexii_hall_statues_x,
          corexii_leaking_fountain
D:2:      layout_basic
D:3:      layout_basic

Skill      XL: |  1  2  3  4 |
---------------+-------------+-----
Ranged Weapons | 4 |  4.0
Fighting       | 3 |  3.4
Dodging        | |  2.4
Stealth        | |  0.7

Action                     |  1- 3 |  4- 6 || total
---------------------------+-------+-------++-------
   Fire: Shortbow          |   110 |    36 ||   146
    Use: Potion            |     1 |     2 ||     3
         Scroll            |     1 |       ||     1
 Armour: Leather armour    |    16 |    16 ||    32
  Dodge: Dodged            |    16 |    11 ||    27

Table legend:
 A = Non-vault XP
 B = Vault XP
 C = Vault XP percentage of total XP
 D = Non-vault monster count
 E = Vault monster count
 F = Vault count percentage of total count
                 A         B        C        D         E       F
            +---------+---------+-------+---------+---------+-------
      Total |     118 |       0 |   0.0 |      44 |       0 |   0.0
            +---------+---------+-------+---------+---------+-------
        D:1 |      38 |       0 |   0.0 |      21 |       0 |   0.0
        D:2 |      25 |       0 |   0.0 |      11 |       0 |   0.0
        D:3 |      55 |       0 |   0.0 |      12 |       0 |   0.0
            +---------+---------+-------+---------+---------+-------
